cohdb
Replays
Latest Replays
All Replays
Popular Replays
Top Player Replays
Match Explorer
How It Works
Community
CoH3 Stats
Reddit
Sign in to upload your games and track your stats! →
Sign in with Steam
Match 43473248
Unlisted
Match 43473248
Overview
Messages
Build Orders
End
Pioneer Squad
Construct Infanterie Kompanie
Grenadier Squad
Grenadier Squad
MG 42 Machine Gun Team
Construct Panzergrenadier Kompanie
Pak 40 Anti-tank Gun Team
Infanterie Officer Quarters
Selects Breakthrough Battlegroup
Selects Breakthrough Battlegroup
Selects Assault Grenadiers
Selects Breakthrough
Grenadier Squad
Grenadier Squad
Pak 40 Anti-tank Gun Team
Panzergrenadier Officer Quarters
Selects Mechanized Assault Group
Mechanized Assault Group
cannot compute
nilshousker
DonaldCrump
L2oGUN
0
0
Comments
sign in to comment!
No comments posted yet!